 Dungeon Crawl Stone Soup version 0.29-a0-330-g52719c12eb (webtiles) character file.

Game seed: 4780581369166881976

83 kae the Firebug (level 4, -3/28 HPs)
             Began as an Octopode Fire Elementalist on Apr 18, 2022.
             Succumbed to a water moccasin's poison
             ... on level 3 of the Dungeon.
             The game lasted 00:01:29 (3253 turns).

kae the Firebug (Octopode Fire Elementalist)        Turns: 3253, Time: 00:01:30

Health: -3/28      AC:  1    Str:  7    XL:     4   Next: 44%
Magic:  3/7        EV: 13    Int: 19    God:
Gold:   130        SH:  0    Dex: 12    Spells: 6/7 levels left

rFire   + . .      SeeInvis .   k - +4 short sword "Ysyddipa" {vorpal, rF+ Stlth+}
rCold   + . .      Faith    .   (no shield)
rNeg    . . .      Spirit   .   (helmet restricted)
rPois   .          Reflect  .   (no amulet)
rElec   .          Harm     .   (no ring)
rCorr   .          Rampage  .   (no ring)
Will    .....                   (no ring)
Stlth   ++++......              (no ring)
HPRegen 0.09/turn               (no ring)
MPRegen 0.10/turn               (no ring)
                                (no ring)
                                (no ring)

@: lethally poisoned (-3 -> -22)
A: almost no armour, amphibious, 8 rings, camouflage 1, gelatinous body 1,
(nimble swimmer 1), tentacles, cold resistance 1
a: no special abilities


You were on level 3 of the Dungeon.
You visited 1 branch of the dungeon, and saw 3 of its levels.

You collected 130 gold pieces.

Inventory:

Hand Weapons
 d - a +2 antimagic dagger
 j - a +3 dagger
 k - the +4 short sword "Ysyddipa" (weapon) {vorpal, rF+ Stlth+}
   (You took it off a goblin on level 2 of the Dungeon)

   It inflicts extra damage upon your enemies.
   rF:        It protects you from fire.
   Stlth:     It makes you more stealthy.
Jewellery
 b - an amulet of faith
 e - a +6 ring of intelligence
Scrolls
 c - 9 scrolls of identify {unknown}
 f - a scroll of enchant weapon {unknown}
 g - a scroll of holy word {unknown}
 i - a scroll of torment {unknown}
 n - a scroll of magic mapping {unknown}
Potions
 a - 2 potions of magic
 h - 2 potions of mutation
 l - a potion of cancellation {unknown}
 m - a potion of heal wounds {unknown}
 o - a potion of brilliance {unknown}


   Skills:
 + Level 1.1 Fighting
 + Level 2.3 Dodging
 + Level 3.4 Stealth
 + Level 2.4 Spellcasting
 + Level 1.5 Conjurations
 * Level 3.8 Fire Magic


You had 6 spell levels left.
You knew the following spells:

 Your Spells              Type           Power      Damage    Failure   Level
a - Foxfire               Conj/Fire      48%        2x1d6     5%          1

Your spell library contained the following spells:

 Spells                   Type           Power      Damage    Failure   Level
 Scorch                   Fire           34%        2d6       4%          2
 Conjure Flame            Conj/Fire      12%        6-21      16%         3
 Inner Flame              Hex/Fire       9%         N/A       22%         3
 Ensorcelled Hibernation  Hex/Ice        4%         N/A       24%         2
 Passwall                 Tmut/Erth      1%         N/A       24%         2
 Swiftness                Air            2%         N/A       43%         3
 Flame Wave               Conj/Fire      12%        2d6       47%         4


Dungeon Overview and Level Annotations

Branches:
Dungeon (3/15)

Altars:
Kikubaaqudgha


Innate Abilities, Weirdness & Mutations

You cannot wear most types of armour.
You are amphibious.
You can wear up to eight rings at the same time.
Your skin changes colour to match your surroundings (Stealth+).
Your rubbery body absorbs attacks. (AC +1, EV +1)
((You are camouflaged when in or above water. (Stealth+)))
You have tentacles for arms and can constrict up to eight enemies at once.
Your flesh is cold resistant. (rC+)


Message History

You open the door.
A water moccasin comes into view.
A water moccasin is nearby!
Casting: Foxfire (safe; 5% risk of failure)
Confirm with . or Enter, or press ? or * to list all spells.
You conjure some foxfire!
The foxfire hits the water moccasin.
The water moccasin is lightly wounded.
The water moccasin hisses angrily.
A water moccasin is nearby!
Casting: Foxfire (safe; 5% risk of failure)
Confirm with . or Enter, or press ? or * to list all spells.
You conjure some foxfire!
The water moccasin bites you!
The foxfire hits the water moccasin.
The water moccasin is lightly wounded.
The water moccasin bites you! The water moccasin barely misses you.
A water moccasin is nearby!
Casting: Foxfire (safe; 5% risk of failure)
Confirm with . or Enter, or press ? or * to list all spells.
You don't know that spell.
Casting: Foxfire (safe; 5% risk of failure)
Confirm with . or Enter, or press ? or * to list all spells.
You conjure some foxfire!
The water moccasin barely misses you.
The foxfire hits the water moccasin but does no damage.
The water moccasin is lightly wounded.
The water moccasin misses you.
Casting: Foxfire (safe; 5% risk of failure)
Confirm with . or Enter, or press ? or * to list all spells.
You conjure some foxfire!
The water moccasin bites you. The water moccasin misses you.
The foxfire hits the water moccasin.
The water moccasin is moderately wounded.
The water moccasin bites you!
* * * LOW HITPOINT WARNING * * *
You are lethally poisoned!
The water moccasin poisons you!
Unknown command.
It was a potion of mutation.
You feel extremely strange.
You feel frail.
You feel robust.
You feel resistant to cold.
You die...

####### ..#. #.....#
...# ###.....#### ...
#>.........# #..
#.######...## .. #.#
#....# .#
#.######....#####S######
#.#....#.......v@.......
#.#....#.....###########
#.'....'...†..........
###....#.....########.
#....##'#...#
#######.#.#.# #.#.#.#
#.#.#.#### #.#......#


You could see a water moccasin (ally target).

Vanquished Creatures
  An adder (D:2)
  A dart slug (D:2)
  4 orcs (D:2)
  8 ball pythons
  6 bats
  7 endoplasms
  2 giant cockroaches
  5 hobgoblins
  2 jackals (D:1)
  4 kobolds (D:2)
  6 quokkas
  2 frilled lizards
  6 goblins
  5 rats
59 creatures vanquished.

Vanquished Creatures (collateral kills)
  8 foxfires
8 creatures vanquished.

Vanquished Creatures (others)
  149 foxfires
  15 plants (D:2)
164 creatures vanquished.

Grand Total: 231 creatures vanquished

Notes
Turn   | Place    | Note
-------+----------+-------------------------------------------
     0 | D:1      | kae the Octopode Fire Elementalist began the quest for the
                  | Orb.
     0 | D:1      | Reached XP level 1. HP: 11/11 MP: 3/3
   236 | D:1      | Reached XP level 2. HP: 17/17 MP: 1/5
   672 | D:1      | Reached XP level 3. HP: 11/22 MP: 0/6
  1264 | D:1      | Found a faded altar of an unknown god.
  1794 | D:2      | Reached XP level 4. HP: 19/27 MP: 5/7
  1919 | D:2      | Identified the +4 short sword "Ysyddipa" {vorpal, rF+
                  | Stlth+}
  2224 | D:2      | Reached skill level 1 in Fighting
  2422 | D:2      | Found an ancient bone altar of Kikubaaqudgha.
  3244 | D:3      | Noticed a water moccasin
  3252 | D:3      | HP: 1/28 [water moccasin (9)]
  3253 | D:3      | Gained mutation: You are frail. (-10% HP) [potion of
                  | mutation]
  3253 | D:3      | Lost mutation: You are frail. (-10% HP) [potion of
                  | mutation]
  3253 | D:3      | Gained mutation: Your flesh is cold resistant. (rC+)
                  | [potion of mutation]
  3253 | D:3      | Succumbed to a water moccasin's poison

Illustrated notes

Levels and vault maps discovered:
D:1:      minmay_arrival_five_plusses, layout_basic,
          shapermc_ecumenical_altar_ellora, minmay_small_reverse_x
D:2:      layout_basic, basic_altar, serial_bayou_lagoon_a
D:3:      layout_basic, serial_shops, nicolae_shop_advertising_works
          [nicolae_subvault_shop_adworks]

Skill      XL: |  1  2  3  4 |
---------------+-------------+-----
Stealth        | 3 |  3.4
Fighting       | 1 |  1.1
Dodging        | |  2.3
Spellcasting   | |  2.4
Conjurations   | |  1.5
Fire Magic     | |  3.8

Action                   |  1- 3 |  4- 6 || total
-------------------------+-------+-------++-------
Melee: Unarmed           |     3 |       ||     3
       Constrict         |    12 |       ||    12
       Dagger            |    54 |     1 ||    55
       Tentacles         |    11 |       ||    11
 Cast: Foxfire           |    38 |    48 ||    86
  Use: Potion            |       |     1 ||     1
 Stab: Sleeping          |     3 |       ||     3
Armor: Skin              |     7 |       ||     7
Dodge: Dodged            |    41 |    15 ||    56

Table legend: (Time is in decaauts)
 A = Elapsed time spent in this place.
 B = Non-inter-level travel time spent in this place.
 C = Inter-level travel time spent in this place.
 D = Time resting spent in this place.
 E = Time spent auto-exploring this place.
 F = Levels seen in this place.
 G = Mean time per level.
                   A        B        C        D        E       F      G
               +--------+--------+--------+--------+--------+-----+--------+
         Total |   3252 |   3193 |     59 |    320 |   2456 |   3 | 1084.0 |
       Dungeon |   3252 |   3193 |     59 |    320 |   2456 |   3 | 1084.0 |
               +--------+--------+--------+--------+--------+-----+--------+

Top non-repeatable levels by time:
     D:1: 1584 daAuts
     D:2: 1526 daAuts
     D:3: 141 daAuts
